[Event "Early-Titled-Tuesday-Blitz-January-23-2024"]
[Site "Chess.com"]
[Date "2024.01.23"]
[Round "3"]
[White "esrosenberg"]
[Black "secretsuperstar7"]
[Result "0-1"]
[WhiteElo "2348"]
[BlackElo "2512"]
[TimeControl "180+1"]
[EndTime "8:27:51 PST"]
[Termination "secretsuperstar7 won on time"]

1. c4 e6 2. g3 d5 3. Bg2 Nf6 4. Nf3 Be7 5. d4 O-O 6. O-O Nc6 7. cxd5 exd5 8. Bf4 h6 9. Nc3 a6 10. Rc1 Bf5 11. a3 Rc8 12. Re1 Na5 13. Ne5 b6 14.
b4 Nc4 15. Nc6 Qd7 16. Nxe7+ Qxe7 17. Nxd5 Nxd5 18. Bxd5 Nxa3 19. Qa4 Nb5 20. Qxa6 Nxd4 21. Bb7 Rce8 22. e3 Bh3 23. Rxc7 Qxb4 24. Rcc1 Ne6 25.
Rb1 Qe7 26. Bf3 g5 27. Be5 Nc5 28. Qxb6 Qxe5 29. Qxh6 g4 30. Rb4 Re6 31. Qh4 Qc3 32. Rbb1 Rg6 33. Bg2 Bxg2 34. Kxg2 Nd3 35. Re2 Qc6+ 36.
Kg1 Kg7 37. Qh5 Rb8 38. Rd1 Qf3 39. Red2 Rb2 0-1

[Event "Early-Titled-Tuesday-Blitz-January-23-2024"]
[Site "Chess.com"]
[Date "2024.01.23"]
[Round "3"]
[White "Denis_Makhnyov"]
[Black "enriquetejedor"]
[Result "1-0"]
[WhiteElo "3022"]
[BlackElo "2740"]
[TimeControl "180+1"]
[EndTime "8:27:52 PST"]
[Termination "Denis_Makhnyov won on time"]

1. d4 d6 2. Nf3 Nf6 3. g3 h5 4.
c4 c6 5. Nc3 Bf5 6. Qb3 Qb6 7.
Bg2 Nbd7 8. O-O g6 9. Re1 Ne4 10. Nh4 Qxb3 11. axb3 Nxc3 12. bxc3 Bc2 13. b4 Nb6 14. b5 Kd7 15. c5 Nc4 16. bxc6+ bxc6 17. d5 dxc5 18. dxc6+ Kc7 19. Bd5 Nd6 20. Bf4 e6 21.
Bg2 Be7 22. Nf3 f6 23. Bxd6+ Bxd6 24. Nd2 Rhb8 25. Ra3 c4 26. Ra5 Bb3 27. Ne4 Be7 28. Rea1 Bc2 29. Rxa7+ Rxa7 30. Rxa7+ Kxc6 31. Nxf6+ Kd6 32. Ne4+ Kc6 33. Nd2+ Kd6 34. Nxc4+ Kc5 35. Na3 Bf5 36. Rxe7 Rb3 37. Ra7 Kd6 38. h3 1-0

[Event "Early-Titled-Tuesday-Blitz-January-23-2024"]
[Site "Chess.com"]
[Date "2024.01.23"]
[Round "3"]
[White "twofoxniel"]
[Black "artooon"]
[Result "1/2-1/2"]
[WhiteElo "2696"]
[BlackElo "2964"]
[TimeControl "180+1"]
[EndTime "8:27:52 PST"]
[Termination "Game drawn by repetition"]

1. e4 e5 2. Nf3 Nc6 3. Bc4 Nf6 4. d3 Bc5 5. Nc3 h6 6. Be3 Bxe3 7. fxe3 d6 8. O-O Be6 9. Bb3 O-O 10. Qe1 d5 11.
Nh4 dxe4 12. dxe4 Ne8 13. Nf5 Nd6 14. Qg3 Bxf5 15. exf5 Qg5 16. Qf3 e4 17. Nxe4 Nxe4 18. Qxe4 Rae8 19. Qf4 Rxe3 20. Qxc7 Ne5 21. Qxb7 Re2 22.
h3 Rd8 23. Rad1 Rxd1 24. Rxd1 Qe3+ 25. Kh1 Qg3 26. f6 gxf6 27. Rf1 f5 28. Bd5 f4 29.
Qc8+ Kg7 30. Qf5 Re1 31. Rxe1 Qxe1+ 32. Kh2 Qg3+ 33. Kh1 Qe1+ 34. Kh2 Qg3+ 35. Kh1 f6 36. Be4 Qe1+ 37. Kh2 Qg3+ 38. Kh1 Qe1+ 39. Kh2 Qg3+ 40. Kh1 1/2-1/2

[Event "Early-Titled-Tuesday-Blitz-January-23-2024"]
[Site "Chess.com"]
[Date "2024.01.23"]
[Round "3"]
[White "funnyselfmate"]
[Black "Alexchess1984"]
[Result "0-1"]
[WhiteElo "2482"]
[BlackElo "2657"]
[TimeControl "180+1"]
[EndTime "8:27:52 PST"]
[Termination "Alexchess1984 won on time"]

1. d4 Nf6 2. c4 g6 3. g3 c6 4. Bg2 d5 5. Nf3 Bg7 6. O-O O-O 7. Ne5 Ne4 8. Nc3 Nxc3 9. bxc3 Nd7 10. Nxd7 Qxd7 11.
cxd5 cxd5 12. Qb3 Rd8 13. Rd1 b6 14. a4 Ba6 15. e4 Bc4 16. Qc2 dxe4 17. Bxe4 Bd5 18.
Ba3 e6 19. a5 Rac8 20. axb6 axb6 21. Bb4 Bf8 22. Bxf8 Kxf8 23. Ra6 b5 24. Rda1 Kg8 25. Bxd5 Qxd5 26. Qb2 h5 27. h4 Qc4 28. R1a3 e5 29. Qb1 exd4 30. Rxg6+ fxg6 31. Qxg6+ Kf8 32. Ra7 Rc7 33.
Qf6+ Ke8 34. Qh8+ Kd7 35. Qh7+ Kc8 36. Ra8+ Kb7 37. Qe4+ Qc6 38. Qxc6+ Rxc6 39. Rxd8 dxc3 40. Rd1 b4 41. Kf1 b3 42. Ke2 c2 0-1

[Event "Early-Titled-Tuesday-Blitz-January-23-2024"]
[Site "Chess.com"]
[Date "2024.01.23"]
[Round "3"]
[White "Mikhail_Bryakin"]
[Black "santosalberto1987"]
[Result "0-1"]
[WhiteElo "2830"]
[BlackElo "2536"]
[TimeControl "180+1"]
[EndTime "8:27:53 PST"]
[Termination "santosalberto1987 won by resignation"]

1. g3 d5 2. Bg2 Nf6 3. c4 c6 4. b3 Bf5 5. Bb2 e6 6. d3 Nbd7 7. Nd2 h6 8. Ngf3 Be7 9. O-O O-O 10. Qe1 Bh7 11. e4 dxe4 12. Nxe4 Nxe4 13. dxe4 Bf6 14. e5 Be7 15. Qe2 Nc5 16. Rfd1 Qc7 17. h4 a5 18. Ba3 Rfd8 19. Rxd8+ Rxd8 20. Rd1 a4 21. Rxd8+ Qxd8 22. Qd2 axb3 23. axb3 Nxb3 24. Qb2 Bxa3 25. Qxb3 Qe7 26. Nd2 Bc5 27. Be4 Bf5 28. Bxf5 exf5 29. Nf3 f4 30. g4 Qd7 31. g5 h5 32. Kf1 g6 33. Qc3 Bf8 34. Qc1 Qg4 35. Ke2 b5 36. Qc2 b4 37. Qd2 Qf5 38. Qd3 Qxd3+ 39. Kxd3 Bc5 40. Ke2 b3 41. Nd2 b2 42. f3 Bd4 43. e6 fxe6 44. Nb1 Kf7 45. Na3 Ke7 46. Kd3 Bf2 47. Ke4 Bxh4 48. Kxf4 Bf2 49. Ke4 h4 0-1

[Event "Early-Titled-Tuesday-Blitz-January-23-2024"]
[Site "Chess.com"]
[Date "2024.01.23"]
[Round "3"]
[White "CaspiIsrael"]
[Black "frederiksvane"]
[Result "0-1"]
[WhiteElo "2682"]
[BlackElo "2933"]
[TimeControl "180+1"]
[EndTime "8:27:54 PST"]
[Termination "frederiksvane won by resignation"]

1. d4 Nf6 2. c4 g6 3. Nc3 Bg7 4. e4 d6 5. Be2 O-O 6. Nf3 Bg4 7. Ng1 Bxe2 8. Ngxe2 e5 9. d5 a5 10. Ng3 Na6 11. h4 h5 12. Bg5 Qd7 13. Qd2 Nc5 14. O-O-O a4 15. Kb1 Ra6 16. f3 Rb6 17. Be3 Rb4 18. Qe2 Qe7 19. a3 Rb3 20. Bxc5 dxc5 21. Nxa4 b5 22. cxb5 Rb8 23. Nc3 c4 24. Qxc4 Qxa3 25.
Na4 Rb4 26. Qxc7 Ra8 27. Qc3 Qxa4 28. Rc1 Qa2+ 29. Kc2 Rc4 30. Ne2 Rxc3+ 31. Nxc3 Qc4 32. Ra1 Rb8 33. Ra4 Qc5 34. Rd1 Ne8 35. d6 Nxd6 36. Rd5 Qc7 37. Kd3 Nc8 38. Rc4 Qe7 39.
Rc6 Nb6 40. Rdd6 Nd7 41. Nd5 Qe8 42. b6 Bf8 43. Rxd7 Qxd7 44. Rc7 Qd6 45. b7 Rxb7 46.
Rxb7 Qa6+ 47. Ke3 Qxb7 0-1

[Event "Early-Titled-Tuesday-Blitz-January-23-2024"]
[Site "Chess.com"]
[Date "2024.01.23"]
[Round "3"]
[White "Muslim_player_05"]
[Black "kleinebeer98"]
[Result "0-1"]
[WhiteElo "2527"]
[BlackElo "2854"]
[TimeControl "180+1"]
[EndTime "8:27:54 PST"]
[Termination "kleinebeer98 won by checkmate"]

1. d4 Nf6 2. c4 a6 3. Nc3 b5 4.
cxb5 axb5 5. Nxb5 e5 6. Nf3 e4 7. Nd2 c6 8. Nc3 d5 9. e3 Bd6 10. Be2 h5 11. f3 exf3 12. Bxf3 Ng4 13. Nf1 O-O 14. h3 Qh4+ 15. Kd2 Nf6 16. Qe1 Qg5 17.
Kd1 Qg6 18. g4 hxg4 19. hxg4 Bxg4 20. Bxg4 Qxg4+ 21. Qe2 Qg6 22. Nd2 c5 23. Nf3 cxd4 24. Nxd4 Nbd7 25. Qf3 Ne5 26. Qf5 Qg4+ 27. Qxg4 Nexg4 28. Ke2 Rfe8 29. Bd2 Bc5 30. Ncb5 Rab8 31. b3 Ne4 32.
Rh3 f5 33. Rf1 g6 34. Rfh1 Kg7 35. a4 Kf6 36. Rh7 Ng3+ 37. Kd3 Nxh1 38. Rxh1 Nf2+ 39. Ke2 Nxh1 40. Bc3 Ng3+ 41. Kf3 Ne4 42. Bb2 Bxd4 43. Bxd4+ Ke6 44. b4 Rxb5 45. axb5 Rb8 46. b6 Nd6 47. Kf4 Nc4 48. Kg5 Nxb6 49. Kxg6 Nc4 50.
Kg5 Rxb4 51. Kf4 Nxe3 52. Kxe3 Rxd4 53. Kxd4 f4 54. Kd3 Ke5 55. Ke2 Ke4 56. Kf2 f3 57.
Ke1 d4 58. Kf1 d3 59. Kg1 d2 60. Kf2 d1=Q 61. Kg3 Ke3 62. Kg4 f2+ 63. Kg5 f1=Q 64. Kg6 Qg4+ 65. Kh7 Qfh3# 0-1

[Event "Early-Titled-Tuesday-Blitz-January-23-2024"]
[Site "Chess.com"]
[Date "2024.01.23"]
[Round "3"]
[White "Sanyura"]
[Black "viviania"]
[Result "0-1"]
[WhiteElo "2612"]
[BlackElo "2913"]
[TimeControl "180+1"]
[EndTime "8:27:54 PST"]
[Termination "viviania won by checkmate"]

1. e4 Nf6 2. e5 Nd5 3. c4 Nb6 4. d4 d6 5. f4 dxe5 6. fxe5 Nc6 7. Be3 Bf5 8. Nc3 e6 9. Be2 Bb4 10. Nf3 O-O 11. O-O Na5 12. Bg5 Qd7 13. c5 Nbc4 14.
Bxc4 Bxc3 15. bxc3 Nxc4 16. Qe2 Qd5 17. Nh4 Bg6 18.
Nxg6 fxg6 19. Be7 Rfe8 20. Bg5 Rf8 21. Be7 Rfe8 22. Bg5 b6 23. cxb6 axb6 24. Rf2 Rf8 25. Raf1 Rf5 26. Be7 Re8 27. g4 Rxe7 28. gxf5 gxf5 29.
Rg2 c5 30. Rd1 Rd7 31. h4 Nxe5 32. Re1 Nf3+ 33. Kf2 Nxe1 34. Qxe1 cxd4 35. cxd4 Qxd4+ 36. Kg3 Qd6+ 37. Kh3 Qe7 38. Qe5 Rd3+ 39. Rg3 Rxg3+ 40. Kxg3 Qa3+ 41. Kf4 Qa4+ 42. Kg5 Qg4# 0-1

[Event "Early-Titled-Tuesday-Blitz-January-23-2024"]
[Site "Chess.com"]
[Date "2024.01.23"]
[Round "3"]
[White "Alex_Sahakyan2006"]
[Black "ViIIagra"]
[Result "1-0"]
[WhiteElo "2720"]
[BlackElo "2965"]
[TimeControl "180+1"]
[EndTime "8:27:55 PST"]
[Termination "Alex_Sahakyan2006 won by resignation"]

1. d4 d6 2. Nc3 Nf6 3. e4 e5 4. dxe5 dxe5 5. Qxd8+ Kxd8 6. Bc4 Ke8 7. Nf3 Bd6 8. Be3 Ke7 9. h3 Be6 10. Bxe6 Kxe6 11.
O-O-O Nbd7 12. g4 h6 13. Nd2 Bb4 14. Nb5 Bxd2+ 15. Rxd2 Rhc8 16. Nxa7 Rxa7 17. Bxa7 b6 18. f3 Ra8 19. Bxb6 Nxb6 20. Kb1 Nh7 21. h4 Nf8 22. b3 Ke7 23. Kb2 Ne6 24. Rhd1 Rb8 25. Kc1 h5 26. g5 Nd4 27. f4 Nb5 28. Rf1 exf4 29. c4 Na7 30. Rxf4 Nc6 31. Rf5 g6 32.
Rc5 Ne5 33. Rxe5+ Kf8 34. Rc5 Rb7 35. Kc2 Ke7 36. Kc3 Ra7 37. a4 Ra8 38. Rxc7+ Ke6 39. Rc6+ 1-0

[Event "Early-Titled-Tuesday-Blitz-January-23-2024"]
[Site "Chess.com"]
[Date "2024.01.23"]
[Round "3"]
[White "SpeedofLight0"]
[Black "karinachess1"]
[Result "1-0"]
[WhiteElo "2900"]
[BlackElo "2605"]
[TimeControl "180+1"]
[EndTime "8:27:55 PST"]
[Termination "SpeedofLight0 won by resignation"]

1. d4 Nf6 2. Nc3 d5 3. Bf4 g6 4. e3 Bg7 5. Nf3 O-O 6. h3 c5 7. Ne5 Nc6 8. Bb5 Qb6 9. dxc5 Qxc5 10. Bxc6 bxc6 11. Qd4 Qxd4 12. exd4 Bb7 13. Na4 Ne4 14. f3 Nd6 15. Nc5 Rac8 16. O-O-O Ba8 17. Rhe1 Rfe8 18. Re3 Nf5 19. Ra3 f6 20. Ned7 e5 21. dxe5 fxe5 22. Bg5 Rc7 23. Re1 Kf7 24. g4 Nd4 25. Rae3 Bb7 26.
c3 Ne6 27. Nxe5+ Bxe5 28. Rxe5 Nxc5 29. Rxe8 Nd3+ 30. Kd2 Nxe1 31. Rxe1 Ba6 32. b3 Bc8 33. Re5 a5 34. Ke3 Be6 35. Bd8 Ra7 36. Kd4 a4 37. b4 a3 38. f4 Rd7 39. Bg5 Rc7 40. f5 gxf5 41. gxf5 Bc8 42. Kc5 Ba6 43. Kb6 Bc4 44.
Kxc7 Bxa2 45. Re7+ Kf8 46. f6 Bb1 47. Bh6+ Kg8 48.
f7+ 1-0

[Event "Early-Titled-Tuesday-Blitz-January-23-2024"]
[Site "Chess.com"]
[Date "2024.01.23"]
[Round "3"]
[White "Happy1712Drummer"]
[Black "AradNazari"]
[Result "0-1"]
[WhiteElo "2434"]
[BlackElo "2623"]
[TimeControl "180+1"]
[EndTime "8:27:56 PST"]
[Termination "AradNazari won on time"]

1. e4 g5 2. d4 e6 3. Nc3 Bg7 4. Be3 c5 5. Qd2 Nc6 6. Bxg5 Qa5 7. d5 Nd4 8. Nge2 d6 9. Nxd4 cxd4 10. Nb5 Qxd2+ 11. Kxd2 Kd7 12. c3 dxc3+ 13. bxc3 a6 14. Nd4 Bxd4 15. cxd4 exd5 16. exd5 Ne7 17. Bxe7 Kxe7 18.
Re1+ Kf6 19. Bd3 b5 20. Re3 Bb7 21. Rf3+ Kg7 22. Be4 Rae8 23. Re1 h5 24. h4 Re7 25. Ree3 Rh6 26. Rf5 Kf8 27. f3 Rg6 28. Rxf7+ Rxf7 29. Bxg6 Rf4 30. Re4 Rf6 31. Bxh5 Bxd5 32. Rg4 Bxa2 33. Bg6 b4 34. h5 Be6 35. Re4 Kg7 36. g4 Kh6 37. d5 Bxd5 38. Re2 Bxf3 39. Rf2 Kg5 0-1

[Event "Early-Titled-Tuesday-Blitz-January-23-2024"]
[Site "Chess.com"]
[Date "2024.01.23"]
[Round "3"]
[White "Roosters19"]
[Black "Ziyamammadov"]
[Result "1-0"]
[WhiteElo "2328"]
[BlackElo "1908"]
[TimeControl "180+1"]
[EndTime "8:27:56 PST"]
[Termination "Roosters19 won on time"]

1. d4 d6 2. Nf3 Nf6 3. Bg5 g6 4. Bxf6 exf6 5. e3 Bg7 6. g3 O-O 7. Bg2 Nd7 8. O-O c5 9. c3 f5 10. Qd3 cxd4 11. exd4 Rb8 12. a4 b6 13. Na3 Bb7 14.
Nb5 Nf6 15. Nxa7 Qd7 16. Nb5 Ne4 17. Rfe1 d5 18. Nd2 Rfe8 19. f3 Nd6 20. Nxd6 Qxd6 21.
f4 Re6 22. Rxe6 Qxe6 23. Nf3 Re8 24. Re1 Qd7 25. Rxe8+ Qxe8 26. b3 Bf8 27. Kf2 Bd6 28. Ne5 f6 29. Nf3 Bf8 30. Nd2 Qd7 31. Qb5 Qd6 32.
c4 dxc4 33. Bxb7 Qxd4+ 34. Ke2 Qd3+ 35. Ke1 Qe3+ 36. Kd1 Qg1+ 37. Kc2 cxb3+ 38. Qxb3+ Kh8 39. Qf7 Qc5+ 40. Nc4 Qf2+ 41. Kb3 Qc5 42. Bd5 Qb4+ 43. Kc2 1-0

[Event "Early-Titled-Tuesday-Blitz-January-23-2024"]
[Site "Chess.com"]
[Date "2024.01.23"]
[Round "3"]
[White "verrbaa"]
[Black "brm72"]
[Result "0-1"]
[WhiteElo "2490"]
[BlackElo "2693"]
[TimeControl "180+1"]
[EndTime "8:27:57 PST"]
[Termination "brm72 won on time"]

1. e4 c5 2. Nf3 Nc6 3. d4 cxd4 4. Nxd4 Nf6 5. Nc3 e6 6. Be2 Bc5 7. Nb3 Be7 8. O-O O-O 9. f4 d6 10. Be3 b6 11. Bf3 Bb7 12. Qe2 a6 13. Qf2 b5 14. Rfd1 Qc7 15. Bb6 Qb8 16. a4 b4 17. Ne2 a5 18. c3 bxc3 19. Nxc3 Ra6 20. Nb5 Ba8 21. Be3 Nb4 22. e5 dxe5 23. Bxa8 Rxa8 24.
fxe5 Qxe5 25. Bd4 Qh5 26. h3 h6 27. Qg3 Kh7 28. Rac1 Rac8 29. Nxa5 Ra8 30. Nc4 Rxa4 31. Nbd6 Nbd5 32. b3 Ra2 33. Be5 Rfa8 34. Rf1 Re2 35. Qd3+ Kg8 36. Rc2 Rxe5 37. Nxe5 Qxe5 38. Nc4 Qg5 39.
Re2 Bc5+ 40. Kh1 Nf4 41. Qf3 N6d5 42. Re5 Qg6 43. Nb2 Ra2 44. Nd3 Nxd3 0-1

[Event "Early-Titled-Tuesday-Blitz-January-23-2024"]
[Site "Chess.com"]
[Date "2024.01.23"]
[Round "3"]
[White "ClaudiaSof"]
[Black "Irishchessman16"]
[Result "0-1"]
[WhiteElo "2263"]
[BlackElo "2492"]
[TimeControl "180+1"]
[EndTime "8:27:57 PST"]
[Termination "Irishchessman16 won on time"]

1. d4 f5 2. Bf4 Nf6 3. e3 e6 4.
Nd2 Be7 5. Ngf3 d6 6. h3 O-O 7.
Bd3 Nc6 8. g4 Nb4 9. Be2 Ne4 10.
gxf5 exf5 11. Bc4+ d5 12. Bd3 Be6 13. a3 Nc6 14. c4 Kh8 15. Rg1 Bd6 16. Bxd6 cxd6 17.
cxd5 Bxd5 18. Bc4 Ne7 19. Bxd5 Nxd5 20. Qb3 Qa5 21. Qxb7 g6 22. b4 Qc7 23. Qxd5 Qc3 24. Qa2 Rae8 25. Rb1 f4 26. Qb3 fxe3 27. fxe3 Qc6 28.
Qd3 Nxd2 29. Nxd2 Re7 30. Kd1 Qe8 31. e4 Ref7 32. Kc2 Qa4+ 33. Kb2 Rb7 34. Qc2 Qe8 35. Rbc1 a5 0-1

[Event "Early-Titled-Tuesday-Blitz-January-23-2024"]
[Site "Chess.com"]
[Date "2024.01.23"]
[Round "3"]
[White "MasterKroket"]
[Black "Yaacovn"]
[Result "0-1"]
[WhiteElo "2512"]
[BlackElo "2778"]
[TimeControl "180+1"]
[EndTime "8:27:58 PST"]
[Termination "Yaacovn won by checkmate"]

1. e4 c6 2. d4 d5 3. Nc3 dxe4 4. Nxe4 Nf6 5. Nxf6+ gxf6 6. c3 Qd5 7. Nf3 Bg4 8.
Be2 Nd7 9. O-O e6 10. a4 Bd6 11.
a5 Rg8 12. g3 Qh5 13. a6 b6 14. Be3 O-O-O 15. Kh1 f5 16. Ng1 Nf6 17. h4 f4 18.
Bxg4 Nxg4 19. Qf3 fxe3 20. Qxc6+ Bc7 21. fxe3 Qd5+ 22. Qxd5 exd5 23. Rxf7 Rd7 24. Raf1 Re8 25. Rxd7 Kxd7 26. Rf5 Nxe3 27. Rf3 Ng4 28. Nh3 Re3 29. Rf7+ Re7 30. Rf1 Ne3 31. Rf3 Nc4 32. Nf4 Kc6 33. Nd3 Bd6 34. Rf6 Kd7 35. Rh6 Nd2 36. Kg2 Ne4 37. Kh3 Nxg3 38. Rxd6+ Kxd6 39. Kxg3 Re3+ 40. Kf4 Rxd3 41. Kg5 Rd2 42. h5 Rg2+ 43. Kh6 Ke6 44. Kxh7 Kf7 45. h6 Rxb2 46. Kh8 Rc2 47. h7 Rg2 48. c4 dxc4 49. d5 Rd2 50. d6 Kf6 51. d7 Rxd7 52. Kg8 Rd8# 0-1

[Event "Early-Titled-Tuesday-Blitz-January-23-2024"]
[Site "Chess.com"]
[Date "2024.01.23"]
[Round "3"]
[White "FM_VS99"]
[Black "DDTerziev04"]
[Result "1-0"]
[WhiteElo "2541"]
[BlackElo "2201"]
[TimeControl "180+1"]
[EndTime "8:28:00 PST"]
[Termination "FM_VS99 won on time"]

1. d4 d5 2. Nf3 Nf6 3. g3 c6 4. Bg2 Bf5 5. c4 e6 6. O-O Bd6 7. Nc3 Nbd7 8. Nh4 Bg6 9. Qb3 Qc7 10. c5 Be7 11. Bf4 Qc8 12. Rac1 Bd8 13. Nxg6 hxg6 14.
e4 dxe4 15. Nxe4 Nxe4 16. Bxe4 Nf6 17. Rfe1 O-O 18. Bd3 Bc7 19. Be5 Rb8 20. Bxf6 gxf6 21. Re4 Kg7 22. Rce1 Qd7 23. Bc4 Rfe8 24. Rh4 Rh8 25.
Rhe4 f5 26. Bxe6 fxe6 27. Rxe6 Rhe8 28. Rxe8 Rxe8 29. Rxe8 Qxe8 30. Qxb7 Qe7 31. Qxc6 f4 32. Qf3 fxg3 33. hxg3 Qe1+ 34. Kg2 Qb1 35. Qb7 Kh6 36. b4 1-0

[Event "Early-Titled-Tuesday-Blitz-January-23-2024"]
[Site "Chess.com"]
[Date "2024.01.23"]
[Round "3"]
[White "Polish_fighter3000"]
[Black "Onischuk_V"]
[Result "0-1"]
[WhiteElo "3085"]
[BlackElo "2812"]
[TimeControl "180+1"]
[EndTime "8:28:01 PST"]
[Termination "Onischuk_V won on time"]

1. e4 d6 2. d4 Nf6 3. Nc3 g6 4. Be3 c6 5. Qd2 Nbd7 6. f3 b5 7. O-O-O b4 8. Nce2 Qa5 9. Kb1 Rb8 10. Nc1 Qc7 11.
g4 a5 12. Bh6 Bxh6 13. Qxh6 c5 14. Nge2 c4 15. g5 Nh5 16. Ng3 Nf4 17. h4 c3 18.
b3 a4 19. Rh2 axb3 20. cxb3 d5 21. h5 Nxh5 22. Nxh5 gxh5 23. Qxh5 Nf8 24. Nd3 Ng6 25.
Nc5 e5 26. exd5 exd4 27. Ne4 Bf5 28. Bd3 Kd8 29. d6 Qb6 30. Qh6 Bxe4 31. Bxe4 Qxd6 32. Qg7 Qxh2 33. Qxd4+ Ke8 34. Bc2 Kf8 35. Re1 Kg8 36.
a4 bxa3 37. Qxc3 Qf4 38. Re4 Qd6 39. Rc4 Qe5 40. Rd4 Kg7 41. f4 Nxf4 42. Qd2 Rhd8 0-1

[Event "Early-Titled-Tuesday-Blitz-January-23-2024"]
[Site "Chess.com"]
[Date "2024.01.23"]
[Round "3"]
[White "MrTattaglia"]
[Black "ahkashefi2800"]
[Result "0-1"]
[WhiteElo "2850"]
[BlackElo "2581"]
[TimeControl "180+1"]
[EndTime "8:28:01 PST"]
[Termination "ahkashefi2800 won by checkmate"]

1. e4 c6 2. c4 d5 3. exd5 cxd5 4. d4 e6 5. Nc3 Nf6 6. Nf3 Bb4 7. cxd5 exd5 8. Bd3 O-O 9. O-O h6 10. Ne5 Nc6 11. Nxc6 bxc6 12. Qf3 Bg4 13. Qg3 Bd6 14. Bf4 Nh5 15. Qxg4 Nxf4 16. Bc2 Qg5 17. Qxg5 hxg5 18. Rfd1 Rfe8 19. Kf1 Rab8 20. b3 Ba3 21. Rab1 Bb4 22. Na4 Re2 23. Rb2 Rbe8 24. f3 Ba3 25. Bd3 Re1+ 26.
Rxe1 Rxe1+ 27. Kxe1 Nxd3+ 28. Kd2 Nxb2 29. Nc5 Bb4+ 30.
Kc2 Bxc5 31. dxc5 Na4 32. bxa4 a5 33. Kd3 f6 34. Ke3 Kf7 35. f4 gxf4+ 36. Kxf4 Ke6 37.
h4 g5+ 38. hxg5 fxg5+ 39. Kxg5 Ke5 40. Kg4 Ke4 41. Kg3 Ke3 42. Kg4 d4 43. Kf5 d3 44.
Ke6 d2 45. Kd6 d1=Q+ 46. Kxc6 Qxa4+ 47. Kd6 Qxa2 48. g4 Qd2+ 49. Kc7 Qh2+ 50. Kb6 Qg3 51. c6 Qxg4 52. Kxa5 Qc8 53. Kb6 Ke4 54. c7 Ke5 55. Kc6 Ke6 56. Kb6 Kd6 57. Ka7 Qxc7+ 58. Ka8 Qc6+ 59. Kb8 Qd7 60. Ka8 Kc6 61. Kb8 Qb7# 0-1

[Event "Early-Titled-Tuesday-Blitz-January-23-2024"]
[Site "Chess.com"]
[Date "2024.01.23"]
[Round "3"]
[White "Hasangatin_Ramil"]
[Black "Zhigalko_Sergei"]
[Result "0-1"]
[WhiteElo "2697"]
[BlackElo "2976"]
[TimeControl "180+1"]
[EndTime "8:28:02 PST"]
[Termination "Zhigalko_Sergei won on time"]

1. e4 c5 2. Nf3 Nc6 3. Bb5 Nf6 4. Bxc6 dxc6 5. d3 Bg4 6. h3 Bh5 7. Nbd2 Nd7 8. Qe2 Qc7 9. Nf1 e6 10. Ng3 Bg6 11. Nh4 Bd6 12. Nf1 O-O 13. Ne3 b5 14.
O-O Rae8 15. a4 f5 16. Nxg6 hxg6 17. Re1 Nf6 18. Nf1 Be5 19. Nd2 Nh5 20. Nf3 Bf4 21.
e5 Qe7 22. Bxf4 Nxf4 23. Qe3 g5 24. h4 g4 25. Qxf4 gxf3 26. Qxf3 Qxh4 27. Qxc6 f4 28. Qf3 b4 29. Re4 Rf5 30. Qh3 Qg5 31. Rae1 Rd8 32. f3 a5 33. Kf2 Rd5 34. Qg4 Qh6 35. Qh3 Rh5 36. Qg4 Rh4 37. Rh1 Rxh1 38. Rxf4 Rd8 0-1

[Event "Early-Titled-Tuesday-Blitz-January-23-2024"]
[Site "Chess.com"]
[Date "2024.01.23"]
[Round "3"]
[White "CarlosjPineror"]
[Black "Janosik"]
[Result "0-1"]
[WhiteElo "2604"]
[BlackElo "2844"]
[TimeControl "180+1"]
[EndTime "8:28:02 PST"]
[Termination "Janosik won on time"]

1. e4 e5 2. Nf3 Nc6 3. Bb5 Nf6 4. d3 Bc5 5. c3 d6 6. h3 O-O 7. Ba4 Bb6 8. Nbd2 Ne7 9. Qe2 c6 10. Nf1 Ng6 11. g3 d5 12. Bc2 Re8 13. Be3 d4 14.
Bd2 c5 15. Bb3 h6 16. h4 Bg4 17. N1h2 Bh5 18. Rg1 Qd7 19. O-O-O Ng4 20. Ne1 dxc3 21.
Bxc3 Rad8 22. f3 Nxh2 23. Qxh2 c4 24. dxc4 Bxg1 25. Qxg1 Qh3 26. Qf2 Rxd1+ 27. Bxd1 Nf8 28. Nd3 Nd7 29. g4 Bxg4 30. Qxa7 Bxf3 31. Nf2 Qg2 32.
Bxf3 Qxf3 33. Qxb7 Nf6 34. Qb6 Nxe4 35. Nxe4 Qxe4 36.
c5 Qe3+ 37. Kc2 e4 38. Qd6 Rc8 39. b4 Qe2+ 40. Kb3 e3 41. c6 Qb5 42. c7 Qe8 0-1

[Event "Early-Titled-Tuesday-Blitz-January-23-2024"]
[Site "Chess.com"]
[Date "2024.01.23"]
[Round "3"]
[White "CFN_Good_Evening"]
[Black "jcibarra"]
[Result "0-1"]
[WhiteElo "1916"]
[BlackElo "2830"]
[TimeControl "180+1"]
[EndTime "8:28:02 PST"]
[Termination "jcibarra won by resignation"]

1. e4 c5 2. c3 Nf6 3. e5 Nd5 4.
d4 cxd4 5. Qxd4 e6 6. Nf3 Nc6 7.
Qe4 f5 8. Qe2 b5 9. g3 a5 10. Bg2 Ba6 11. O-O Be7 12. Rd1 O-O 13. Rxd5 exd5 14. Nd4 Nxd4 15. cxd4 Rc8 16. Bxd5+ Kh8 17.
Nc3 Qb6 18. Be3 b4 19. Na4 Qb5 20. Qxb5 Bxb5 21. Nc5 Bxc5 22. dxc5 Bc6 23. Bc4 h6 24. f4 Kh7 25. Bd4 g5 26. Kf2 Rce8 27. h4 gxf4 28. gxf4 Re7 29. Rg1 Rg7 30. Rxg7+ Kxg7 31.
e6+ Kg6 32. exd7 Bxd7 33. Bd5 Rd8 34. Be5 Bb5 35. Bd6 Re8 36. Bf3 h5 37. Be5 Rc8 38. Bd6 Bc6 39. Be2 Bd5 40. a3 bxa3 41. bxa3 Bc6 42. Ba6 Re8 43. Be5 Rd8 44. Ke2 Rd5 45. Bd6 Rd4 46. Bd3 Ra4 47. Bc7 Rxa3 48. Kd2 a4 49. Bc4 Rh3 50. Bd8 a3 51. Kc2 Ba4+ 52.
Kc1 Rc3+ 0-1

[Event "Early-Titled-Tuesday-Blitz-January-23-2024"]
[Site "Chess.com"]
[Date "2024.01.23"]
[Round "3"]
[White "GrotBchess"]
[Black "Vazabanga"]
[Result "0-1"]
[WhiteElo "2305"]
[BlackElo "2665"]
[TimeControl "180+1"]
[EndTime "8:28:02 PST"]
[Termination "Vazabanga won by resignation"]

1. e4 c5 2. Nf3 d6 3. Bb5+ Bd7 4. Bxd7+ Qxd7 5. O-O Nc6 6. c3 Nf6 7. Re1 e6 8. d4 cxd4 9. cxd4 d5 10. e5 Ne4 11.
Nbd2 Nxd2 12. Bxd2 Be7 13. Rc1 O-O 14. Rc3 Bb4 15. Rxc6 Qxc6 16. Bxb4 Rfc8 17. Bc3 a5 18. Qd2 Qa4 19. b3 Qa3 20. Rc1 h6 21. h4 Rc6 22.
Bb2 Qxa2 23. Rxc6 bxc6 24. Qc2 Rb8 25. Nd2 Rb4 26. Qc1 a4 27. Bc3 Rb5 28. b4 Rb8 29. g3 Ra8 30. Kg2 Kf8 31. Kf1 h5 32. Ke2 Rb8 33. Ke3 Kg8 34. Ke2 f6 35. exf6 gxf6 36.
Kd1 Kf7 37. Qc2 Qxc2+ 38. Kxc2 Re8 39. Nf3 Kg6 40. Kb2 Kf5 41. Ka3 Ke4 42. Ne1 e5 43.
f3+ Ke3 44. Kb2 exd4 45. Nc2+ Kxf3 46. Nxd4+ Kxg3 47. Nxc6 Rc8 48. b5 f5 49. Nd4 f4 50.
b6 a3+ 51. Kb3 a2 52. b7 Rxc3+ 53. Kb2 Rc1 54. b8=Q a1=Q+ 55. Kb3 Rb1+ 56. Kc2 Rxb8 0-1

[Event "Early-Titled-Tuesday-Blitz-January-23-2024"]
[Site "Chess.com"]
[Date "2024.01.23"]
[Round "3"]
[White "Logman74"]
[Black "margarita_2703"]
[Result "1-0"]
[WhiteElo "2487"]
[BlackElo "2280"]
[TimeControl "180+1"]
[EndTime "8:28:04 PST"]
[Termination "Logman74 won by resignation"]

1. e4 e5 2. Nf3 Nc6 3. Bb5 a6 4. Ba4 Nf6 5. O-O Nxe4 6. d4 b5 7. Bb3 d5 8. dxe5 Be6 9. Qe2 Nc5 10. Rd1 Nxb3 11. axb3 Be7 12. c4 O-O 13. Nc3 Nb4 14.
Nd4 c6 15. Nxc6 Qe8 16. Nxe7+ Qxe7 17. cxd5 Bf5 18. d6 Qe6 19. Bf4 Qxb3 20. g4 Be6 21. Ne4 Rac8 22. Rac1 Rc4 23. Nc5 Rxc5 24. Rxc5 Rd8 25.
Rc7 Nd5 26. Bg5 f6 27. exf6 Nxc7 28. f7+ Bxf7 29. Bxd8 Ne6 30. Bb6 Qb4 31. d7 h5 32.
d8=Q+ Nxd8 33. Rxd8+ Kh7 34. Qd3+ Bg6 35. Qe3 Qxb2 36.
Kg2 Qc2 37. Bd4 Qc6+ 38. Kg3 Qc7+ 39. Qe5 Qf7 40. f4 hxg4 41. Rc8 Bf5 42. Rc7 Qxc7 43.
Qxc7 1-0